 Dungeon Crawl Stone Soup version 0.29-a0-414-g5075937ec3 (webtiles) character file.

Game seed: 10139334064749160547

154 purpskrrrp the Covered (level 5, 0/28 HPs)
             Began as a Vine Stalker Fighter on May 16, 2022.
             Was an Initiate of Dithmenos.
             Slain by a gnoll
             ... wielding a +0 club
             ... led by a gnoll sergeant
              (2 damage)
             ... on level 3 of the Dungeon.
             The game lasted 00:12:13 (2237 turns).

purpskrrrp the Covered (Vine Stalker Fighter)       Turns: 2237, Time: 00:12:14

Health: 0/28       AC: 10    Str: 21    XL:     5   Next: 36%
Magic:  0/6        EV: 10    Int:  8    God:    Dithmenos [......]
Gold:   174        SH:  0    Dex: 13    Spells: 3/4 levels left

rFire   x . .      SeeInvis .   f - +0 halberd
rCold   + . .      Faith    .   (shield currently unavailable)
rNeg    . . .      Spirit   +   b - +0 scale mail
rPois   .          Reflect  .   (helmet restricted)
rElec   .          Harm     .   k - +1 cloak
rCorr   .          Rampage  .   m - +0 pair of gloves
Will    .....      Clarity  +   (no boots)
Stlth   ..........              (no amulet)
HPRegen 0.89/turn               g - ring of ice
MPRegen 0.10/turn               (no ring)

@: no status effects
A: fangs 2, regeneration 1, magic shield, antimagic bite, no potion heal 2,
antennae 1, clarity, high MP 1
a: Renounce Religion


You were on level 3 of the Dungeon.
You worshipped Dithmenos.
Dithmenos was noncommittal.
You visited 1 branch of the dungeon, and saw 3 of its levels.

You collected 174 gold pieces.

Inventory:

Hand Weapons
 a - a +0 long sword
 f - a +0 halberd (weapon)
Armour
 b - a +0 scale mail (worn)
 k - a +1 cloak (worn)
 m - a +0 pair of gloves (worn)
 o - a +0 helmet
Jewellery
 g - a ring of ice (left hand)
Scrolls
 c - a scroll of teleportation {unknown}
 e - 5 scrolls of identify
Potions
 l - a potion of magic


   Skills:
 + Level 3.2 Fighting
 + Level 2.1 Long Blades
 + Level 2.3 Polearms
 + Level 3.3 Armour
 + Level 0.6 Dodging
 + Level 0.4 Stealth
 + Level 2.8 Shields


You had 3 spell levels left.
You knew the following spells:

 Your Spells              Type           Power      Damage    Failure   Level
a - Sandblast             Erth           0%         2d4       75%         1

Your spell library contained the following spells:

 Spells                   Type           Power      Damage    Failure   Level
 Ensorcelled Hibernation  Hex/Ice        0%         N/A       87%         2
 Passwall                 Tmut/Erth      0%         N/A       87%         2
 Stone Arrow              Conj/Erth      0%         3d7       98%         3
 Swiftness                Air            0%         N/A       98%         3


Dungeon Overview and Level Annotations

Branches:
Dungeon (3/15)

Altars:
Dithmenos

Shops:
D:1 *


Innate Abilities, Weirdness & Mutations

You have extremely sharp teeth.
Your natural rate of healing is unusually fast.
When hurt, damage is shared between your health and your magic reserves.
Your bite disrupts and absorbs the magic of your enemies.
Potions cannot restore your health.
You have a pair of small antennae on your head.
You possess an exceptional clarity of mind.
You have an increased reservoir of magic. (+10% MP)


Message History

Your +0 helmet falls away!
* * * LOW HITPOINT WARNING * * *
You feel sick. The adder bites you but does no damage.
The gnoll barely misses you. The adder closely misses you.
Okay, then.
The adder attacks as you move away! The adder bites you but does no damage.
* * * LOW HITPOINT WARNING * * *
You feel sick.
* * * LOW HITPOINT WARNING * * *
You feel sick.
* * * LOW HITPOINT WARNING * * *
You feel sick.
You are no longer poisoned.
The adder bites you but does no damage.
You slash the adder!
You kill the adder!
Dithmenos accepts your kill.
You see here 22 stones.
As you read the scroll of fog, it crumbles to dust.
The scroll dissolves into smoke.
The gnoll hits you but does no damage. The gnoll hits you but does no damage.
The gnoll hits you but does no damage. The gnoll hits you but does no damage.
You closely miss the gnoll sergeant. You bite the gnoll sergeant.
You drain its power.
You feel invigorated.
The gnoll sergeant is moderately wounded.
The gnoll closely misses you.
The gnoll sergeant hits you with a +0 trident.
The gnoll sergeant hits you with a +0 trident!
The gnoll hits you but does no damage.
You closely miss the gnoll sergeant. Your bite misses the gnoll sergeant.
The gnoll sergeant is lightly wounded.
The gnoll hits you but does no damage. x2
The gnoll sergeant hits you with a +0 trident!
* * * LOW HITPOINT WARNING * * *
The gnoll sergeant hits you from afar with a +0 trident.
* * * LOW HITPOINT WARNING * * *
The gnoll attacks as you move away! The gnoll hits you with a +0 club.
You die...

.##.# ##.#.########
.##.# #.###........
....# ##......#####
....# #.#.##.#
.##.####.###...#
#### ....)...##
##.## #..
###.####.###§gg###.#
# ....#
##.#g#§#.##.# .# #
#####
#..§§§gg@..##.##...
###
###.#§#§#........#
..#
#.§#§§§##..).....#
#.#
#...#§###.###.##.#
#.# #..g..# #.# ..
#.# #####...#####.#
#.#
#.###....)......#.#
#
..g.g.............#
#.###...........###


You could see a gnoll sergeant and 3 gnolls.

Vanquished Creatures
  A bullfrog (D:3)
  An orc wizard (D:3)
  A gnoll (D:3)
  An adder (D:3)
  2 orcs (D:3)
  5 bats
  8 endoplasms
  5 hobgoblins
  6 kobolds
  2 quokkas
  3 ball pythons
  3 frilled lizards
  4 goblins
  3 rats
45 creatures vanquished.

Vanquished Creatures (others)
  2 bats (D:3)
  A goblin (D:3)
  2 frilled lizards (D:3)
5 creatures vanquished.

Grand Total: 50 creatures vanquished

Notes
Turn   | Place    | Note
-------+----------+-------------------------------------------
     0 | D:1      | purpskrrrp the Vine Stalker Fighter began the quest for the
                  | Orb.
     0 | D:1      | Reached XP level 1. HP: 11/11 MP: 2/2
    35 | D:1      | Found Vyhuep's Assorted Antiques.
   154 | D:1      | Found a faded altar of an unknown god.
   303 | D:1      | Reached XP level 2. HP: 16/16 MP: 3/3
   563 | D:1      | Learned a level 1 spell: Sandblast
  1201 | D:2      | Reached XP level 3. HP: 18/19 MP: 4/4
  1964 | D:3      | Noticed a bullfrog
  1973 | D:3      | Killed a bullfrog
  1974 | D:3      | Reached skill level 1 in Polearms
  1974 | D:3      | Gained mutation: Your natural rate of healing is unusually
                  | fast. [Vine Stalker growth]
  1974 | D:3      | Reached XP level 4. HP: 18/24 MP: 2/5
  2026 | D:3      | Found a shadowy altar of Dithmenos.
  2081 | D:3      | Became a worshipper of Dithmenos the Shadowed
  2115 | D:3      | Reached XP level 5. HP: 28/28 MP: 6/6
  2202 | D:3      | HP: 1/28 [poisoned by an adder]
  2203 | D:3      | Gained mutation: You have an increased reservoir of magic.
                  | (+10% MP) [potion of mutation]
  2203 | D:3      | Gained mutation: You possess an exceptional clarity of
                  | mind. [potion of mutation]
  2203 | D:3      | Gained mutation: You have a pair of small antennae on your
                  | head. [potion of mutation]
  2237 | D:3      | Slain by a gnoll

Illustrated notes

Levels and vault maps discovered:
D:1:      dpeg_arrival_pits, layout_basic,
          hellmonk_ecumenical_altar_slurped_away, serial_shops, shop
D:2:      layout_loops_ring
D:3:      layout_loops_cross, grunt_dithmenos_smoke_and_mirrors,
          overflow_temple_1_default, xom_confusion_cloud

Skill      XL: |  1  2  3  4 |
---------------+-------------+-----
Long Blades    | 2 |  2.1
Fighting       | 3 |  3.2
Polearms       | 1 2 |  2.3
Armour         | 3 |  3.3
Dodging        | |  0.6
Stealth        | |  0.4
Shields        | |  2.8

Action                   |  1- 3 |  4- 6 || total
-------------------------+-------+-------++-------
Melee: Long sword        |    12 |       ||    12
       Bite              |    18 |     5 ||    23
       Halberd           |    83 |    40 ||   123
  Use: Scroll            |     8 |     1 ||     9
       Potion            |       |     3 ||     3
Armor: Scale mail        |    72 |    37 ||   109
Dodge: Dodged            |    66 |    12 ||    78
Block: Buckler           |     2 |       ||     2

Table legend: (Time is in decaauts)
 A = Elapsed time spent in this place.
 B = Non-inter-level travel time spent in this place.
 C = Inter-level travel time spent in this place.
 D = Time resting spent in this place.
 E = Time spent auto-exploring this place.
 F = Levels seen in this place.
 G = Mean time per level.
                   A        B        C        D        E       F      G
               +--------+--------+--------+--------+--------+-----+--------+
         Total |   2303 |   2163 |    140 |    434 |   1237 |   3 |  767.7 |
       Dungeon |   2303 |   2163 |    140 |    434 |   1237 |   3 |  767.7 |
               +--------+--------+--------+--------+--------+-----+--------+

Top non-repeatable levels by time:
     D:1: 1060 daAuts
     D:2: 789 daAuts
     D:3: 453 daAuts
